 Dungeon Crawl Stone Soup version 0.18-a0-1521-g59d19af (webtiles) character file.

917053 Goblin1989 the Slayer (level 27, -4/135 HPs)
             Began as a Gargoyle Fighter on Mar 5, 2016.
             Was an Initiate of Gozag.
             Killed by divine providence
             ... invoked by a smoke demon
             ... summoned by a shadow demon
              (15 damage)
             ... while paralysed by accursed screaming
             ... on level 9 of a ziggurat on Mar 7, 2016.
             The game lasted 11:48:20 (114068 turns).

Goblin1989 the Slayer (Gargoyle Fighter)          Turns: 114068, Time: 11:48:20

Health: -4/135     AC: 61    Str: 39      XL:     27
Magic:  29/32      EV:  2    Int: 13 (17) God:    Gozag
Gold:   4065       SH:  0    Dex: 10 (11) Spells: 12 memorised, 11 levels left

rFire  . . .     SeeInvis .     a - +9 morningstar (holy)
rCold  . . .     Gourm    .     v - +7 plate armour of Vixan {*Drain +Blink Str+2}
rNeg   + . .     Faith    .     R - +2 shield {AC+3}
rPois  ∞         Spirit   .     T - +2 helmet "Vueluy" {MR- Regen+ Str+7 Int-5}
rElec  +         Dismiss  .     C - +0 cloak of Peixiph {Str+5 Int+4}
rCorr  .         Reflect  +     n - +2 pair of gloves {Dex+3}
SustAt .         Harm     .     y - +2 pair of boots {Stlth+}
MR     ++++.     Clarity  +     S - +5 amulet of reflection
Stlth  ..........               A - ring "Demuihaw" {rPois MR+++ Int+4 Dex+2}
                                J - +4 ring of slaying

@: paralysed, gold aura, flying, very slightly contaminated, hasted, drained,
incredibly resistant to hostile enchantments, extremely unstealthy
A: big wings, berserk 2, blurry vision 3, clarity, clever 1, clumsy 2, deformed
body, deterioration 2, frail 3, low mp 2, negative energy resistance 1,
screaming 2, electricity resistance, weak 2, unbreathing, petrification
resistance, rot immunity, subdued magic 2, MP-powered wands, AC +20
a: Stop Flying, Potion Petition, Call Merchant, Bribe Branch, Renounce Religion,
Evoke Blink
}: 6/15 runes: decaying, serpentine, slimy, silver, golden, abyssal


You were on level 9 of a ziggurat.
You worshipped Gozag.
Gozag was noncommittal.
You were very full.

You visited 13 branches of the dungeon, and saw 64 of its levels.
You visited Pandemonium 1 time, and saw 6 of its levels.
You visited the Abyss 1 time.
You visited 1 bazaar.
You visited 2 ziggurats, and saw 21 of their levels (deepest: 12).
You also visited: Ice Cave.

You collected 50148 gold pieces.
You spent 16923 gold pieces at shops.
You paid 29160 gold pieces to Gozag.

Inventory:

Hand Weapons
 a - a +9 morningstar of holy wrath (weapon)
 b - a +9 eveningstar of flaming
Armour
 n - a +2 pair of gloves of dexterity (worn)
 v - the +7 plate armour of Vixan (worn) {*Drain +Blink Str+2}
   (You bought it in a shop on level 1 of the Lair of Beasts)

   It affects your strength (+2).
   It lets you blink.
   It causes draining when unequipped.
 y - a +2 pair of boots of stealth (worn)
 C - the +0 cloak of Peixiph (worn) {Str+5 Int+4}
   (You bought it in a shop on level 1 of the Lair of Beasts)

   It affects your strength (+5).
   It affects your intelligence (+4).
 R - a +2 shield of protection (worn)
 T - the +2 helmet "Vueluy" (worn) {MR- Regen+ Str+7 Int-5}
   (You bought it in a shop in a bazaar)

   It affects your strength (+7).
   It affects your intelligence (-5).
   It affects your resistance to hostile enchantments.
   It increases your rate of regeneration.
Magical Staves
 w - an uncursed staff of wizardry
Jewellery
 i - the ring of Taopnog {+Inv rF++ rN+ MP+9 Int-5}
   (You found it on level 8 of a ziggurat)

   [ring of positive energy]

   It affects your intelligence (-5).
   It greatly protects you from fire.
   It protects you from negative energy.
   It affects your magic capacity (+9).
   It lets you turn invisible.
 p - an uncursed ring of resist corrosion
 s - the ring of Satyriasis {+Inv Str+2 SInv Stlth+}
   (You took it off a skeletal warrior on level 3 of the Crypt)

   [ring of stealth]

   It affects your strength (+2).
   It lets you see invisible.
   It lets you turn invisible.
   It makes you more stealthy.
 A - the ring "Demuihaw" (right hand) {rPois MR+++ Int+4 Dex+2}
   (You bought it in a shop on level 12 of the Dungeon)

   [ring of intelligence]

   It affects your intelligence (+4).
   It affects your dexterity (+2).
   It protects you from poison.
   It affects your resistance to hostile enchantments.
 D - an uncursed ring of protection from cold
 J - a +4 ring of slaying (left hand)
 S - a +5 amulet of reflection (around neck)
 U - the ring "Ukhlouxzi" {rF+ rN+ Dex+4}
   (You found it on level 4 of a ziggurat)

   [ring of protection from fire]

   It affects your dexterity (+4).
   It protects you from fire.
   It protects you from negative energy.
Wands
 c - a wand of hasting (2/9) (quivered)
 q - a wand of disintegration (4/24)
 z - a wand of digging (6/24)
 Q - a wand of teleportation (1/9)
Scrolls
 d - 22 scrolls of identify
 e - 23 scrolls of remove curse
 g - 11 scrolls of magic mapping
 h - 16 scrolls of recharging
 m - 10 scrolls of immolation
 r - 24 scrolls of teleportation
 u - 3 scrolls of holy word
 x - 2 scrolls of enchant armour
 I - 10 scrolls of fear
 K - 5 scrolls of fog
 N - 17 scrolls of blinking
 Y - 6 scrolls of silence
Potions
 f - 8 potions of berserk rage
 j - 26 potions of curing
 o - 3 potions of resistance
 B - 4 potions of cure mutation
 E - 5 potions of heal wounds
 F - 3 potions of cancellation
 G - 2 potions of ambrosia
 P - a potion of might
Miscellaneous
 l - a fan of gales
 t - a lamp of fire
 L - a legendary deck of destruction {the Storm}
 O - a phial of floods
 W - a phantom mirror
Comestibles
 k - 46 bread rations
 H - 2 meat rations
 M - 3 fruits


   Skills:
 - Level 25.6(25.4) Fighting
 - Level 16.3(16.1) Maces & Flails
 - Level 24.8(24.6) Armour
 - Level 13.0(12.9) Dodging
 + Level 23.7(23.5) Shields
 - Level 13.0(12.8) Spellcasting
 - Level 14.9(14.7) Charms
 - Level 10.3(10.2) Summonings
 - Level 5.0(4.8) Necromancy
 - Level 7.3(7.1) Translocations
 - Level 2.3(2.2) Transmutations
 - Level 5.1(5.0) Air Magic
 - Level 4.0(3.9) Earth Magic
 - Level 24.9(24.7) Evocations


You had 11 spell levels left.
You knew the following spells:

 Your Spells              Type           Power        Failure   Level  Hunger
a - Passage of Golubria   Tloc           N/A          2%          4    ###....
b - Regeneration          Chrm/Necr      ###.......   0%          3    None
c - Apportation           Tloc           ##........   0%          1    None
d - Song of Slaying       Chrm           ###.....     0%          2    None
e - Repel Missiles        Chrm/Air       ###...       0%          2    None
f - Aura of Abjuration    Summ           ###.......   1%          5    #####..
g - Blink                 Tloc           N/A          1%          2    None
h - Haste                 Chrm           ###.....     1%          6    ######.
i - Passwall              Trmt/Erth      #.........   1%          2    None
j - Spectral Weapon       Hex/Chrm       ##......     1%          3    None
k - Teleport Other        Tloc           ##......     1%          3    None
l - Death's Door          Chrm/Necr      ###.......   100%        8    #######


Dungeon Overview and Level Annotations

Branches:
Dungeon (15/15)            Temple (1/1) D:4            Lair (8/8) D:9
  Swamp (4/4) Lair:4        Snake (4/4) Lair:3        Slime (6/6) Lair:7
    Orc (2/2) D:11            Elf (3/3) Orc:2        Vaults (5/5) D:14
  Crypt (3/3) Vaults:3       Tomb (3/3) Crypt:3      Depths (5/5) D:15
    Zot (5/5) Depths:5

Altars:
Ashenzari
Cheibriados
Dithmenos
Elyvilon
Fedhas
Gozag
Kikubaaqudgha
Makhleb
Nemelex Xobeh
Okawaru
Pakellas
Qazlal
Ru
Sif Muna
Trog
Vehumet
Xom
Yredelemnul
Zin
The Shining One
Beogh
Jiyva

Shops:
D:10 :   D:12 =   Orc:2 [*}   Elf:3 [   Lair:1 [=[}=[(([[}[[}(%   Snake:3 (

Portals:
Hell: Depths:1 Depths:2 Depths:3 Depths:4 Depths:5
Abyss: Depths:1 Depths:4 Depths:5
Pandemonium: Depths:3

Annotations:
D:7 Prince Ribbit
Slime:2 exclusion: upstairs
Slime:3 exclusion: 2 upstairs
Slime:4 exclusion: 2 upstairs
Depths:1 2 runed doors
Depths:5 4 runed doors


Innate Abilities, Weirdness & Mutations

You are resistant to torment.
Your stone body is resilient (AC +20).
You are immune to poison.
Your large and strong wings let you fly indefinitely.
You resist negative energy.
You are resistant to electric shocks.
You can survive without breathing.
You are immune to petrification.
You are immune to rotting.
You possess an exceptional clarity of mind.
Your mind is acute. (Int +2)
Armour fits poorly on your strangely shaped body.
[You often lose your temper in combat.]
[Scrolls take you much longer to read.]
[You are very clumsy. (Dex -4)]
[Your body often deteriorates upon taking damage.]
[You are extremely frail (-30% HP).]
[Your magical capacity is very low (-20% MP).]
[You sometimes yell uncontrollably at your foes.]
[You are very weak. (Str -4)]
[Your spells are easier to cast, but less powerful.]
[You expend magic power (3 MP) to strengthen your wands.]


Message History

Zapping:
c - a wand of hasting (3/9)
Press: ? - help, Shift-Dir - straight line, f - you You feel yourself speed up.
This wand has 2 charges left.
The starcursed mass is no longer distracted by gold.
A cacophony of accursed wailing tears at your sanity!
* * * LOW HITPOINT WARNING * * *
You suddenly lose the ability to move!
The starcursed mass is distracted by the nearby gold. x2
The large abomination is distracted by the nearby gold.
The apocalypse crab is no longer distracted by gold.
The starcursed mass is no longer distracted by gold.
The starcursed mass is distracted by the nearby gold. x2
The starcursed mass engulfs you but does no damage.
The starcursed mass is distracted by the nearby gold.
The raiju is distracted by the nearby gold.
The starcursed mass is distracted by the nearby gold. x2
The smoke demon gestures at you. Something smites you!
You die...
Your body crumbles into a pile of gold.

.........▓ .... ....▓
▓▓▓▓▓▓.........▓▓▓▓▓▓
▓.......... ........▓
▓...................▓
▓.......#...#....))!▓
▓................!?∩▓
▓∩........3..@...}[>▓
▓..........2X....}?∩▓
▓.......#hX.#....})!▓
▓.......XtXX........▓
▓.....XXXX..G.......▓
▓▓▓▓▓▓X*XXX....▓▓▓▓▓▓
▓$XX*X3...▓
▓.$XXxX4..▓
▓▓▓▓▓▓▓▓▓▓▓


You could see 17 starcursed masses, 2 wretched stars, a giant orange brain, a
shadow demon, an apocalypse crab, a large abomination (unaware), a sixfirhy, 2
smoke demons, a raiju (unaware) and a small abomination.

Vanquished Creatures
  the Royal Jelly (Slime:6)
  The ghost of Uhlv the Axe Maniac, a legendary HOFi of the Shining One (Slime:3)
  6 ancient liches
  3 pandemonium lords
  2 juggernauts
  35 greater mummies
  the Lernaean hydra (Swamp:4)
  Frederick (Crypt:3)
  A curse toe (Zot:1)
  2 Killer Klowns
  5 golden dragons
  Jory (Crypt:3)
  5 bone dragons
  9 liches
  4 electric golems
  Jorgrun (Vaults:2)
  15 tentacled monstrosities
  A Hell Sentinel (Pan)
  5 deep elf blademasters
  6 Orb Guardians (Zot:5)
  2 Ice Fiends
  A quicksilver dragon (Depths:3)
  5 titans
  5 ancient champions
  3 Executioners (Pan)
  13 acid blobs
  An eldritch tentacle (Zot:5)
  4 tentacled starspawn
  8 death cobs
  9 sphinxes
  Frances (D:13)
  3 thorn hunters
  8 tengu reavers
  9 shadow dragons
  6 revenants
  Kirke (Lair:5)
  12 storm dragons
  16 greater nagas
  A daeva (Zig:5)
  7 draconian monks
  4 ghost moths
  5 azure jellies
  10 draconian knights
  A fire giant (shapeshifter) (Vaults:5)
  12 fire giants
  3 draconian scorchers
  13 deep elf sorcerers
  5 balrugs
  5 draconian shifters
  Aizul (Vaults:2)
  11 frost giants
  12 vault wardens
  Louise (Depths:1)
  Maud (Lair:8)
  A caustic shrike zombie (Zig:7)
  A chaos champion (Pan)
  5 draconian zealots
  A curse skull (Crypt:1)
  A warmonger (Pan)
  5 draconian annihilators
  11 ghouls
  A spriggan defender (Depths:1)
  7 deep elf elementalists
  An angel (Zig:5)
  3 war gargoyles
  14 ironheart preservers
  6 reapers
  A juggernaut skeleton (Depths:4)
  24 stone giants
  2 ophanim
  A caustic shrike skeleton (Depths:3)
  2 blood saints (Pan)
  14 vampire knights
  27 very ugly things
  6 salamander stormcallers
  Nessos (Lair:7)
  10 mottled draconians
  An apis (Zig:5)
  5 draconian callers
  10 green draconians
  8 white draconians
  10 deep elf annihilators
  8 red draconians
  4 bennus
  11 deep elf demonologists
  6 spark wasps
  17 black draconians
  8 purple draconians
  14 yellow draconians
  4 dire elephants
  A black sun (Pan)
  7 blizzard demons
  23 mummy priests
  A fire dragon (shapeshifter) (Vaults:4)
  8 eidola
  Snorg (D:14)
  5 green deaths
  8 deep elf death magi
  4 death oozes
  30 vault guards
  13 ettins
  2 minotaurs (Depths:4)
  10 yaktaur captains
  A merfolk impaler (Depths:3)
  A great orb of eyes (shapeshifter) (Vaults:5)
  11 jiangshi
  12 great orbs of eyes
  26 fire dragons
  16 naga warriors
  2 quicksilver dragon zombies
  6 rakshasas
  The ghost of nublet the Geomancer, a journeyman HOEE of Beogh (IceCv)
  6 entropy weavers
  Fannar (D:12)
  6 deep elf high priests
  18 ice dragons
  A ghost crab (shapeshifter) (Vaults:4)
  2 monstrous demonspawn (Pan)
  39 hydras
  A catoblepas (shapeshifter) (Vaults:2)
  19 anacondas
  4 spriggan air magi
  2 hell beasts (Pan)
  An anaconda (shapeshifter) (Depths:5)
  11 centaur warriors
  8 ogre magi
  A merfolk aquamancer (Zig:5)
  2 catoblepae (Lair:8)
  2 death knights
  7 alligators
  4 tengu warriors
  10 thrashing horrors
  13 deep troll shamans
  A queen ant (Lair:8)
  3 spriggan berserkers
  A titan zombie (Zig:8)
  21 death yaks
  11 deep troll earth magi
  22 naga sharpshooters
  15 vampire magi
  13 shock serpents
  36 deep elf knights
  A hell hog (shapeshifter) (D:15)
  11 soul eaters
  10 spriggans
  9 orc high priests
  2 iron golems
  11 iron trolls
  4 hell knights (Abyss:5)
  14 sun demons
  4 storm dragon zombies
  2 cherubim (Zig:5)
  5 wretched stars (Abyss:5)
  28 skeletal warriors
  7 shadow wraiths
  7 salamander mystics
  3 fire crabs
  An unseen horror (shapeshifter) (Abyss:5)
  2 golden dragon zombies
  2 spatial maelstroms (Abyss:5)
  31 deep trolls
  12 flayed ghosts
  8 giant orange brains
  3 shadow demons
  14 swamp dragons
  An anaconda zombie (Crypt:3)
  An infernal demonspawn (Pan)
  A torturous demonspawn (Pan)
  An unseen horror (Vaults:1)
  2 tengu zombies
  10 naga ritualists
  2 gelid demonspawn
  40 death scarabs
  A golden dragon skeleton (Depths:4)
  14 deep elf archers
  2 spectral hydras (Depths:2)
  21 ironbrand convokers
  4 lindwurms (Snake:4)
  2 wolf spider zombies
  3 putrid demonspawn (Pan)
  26 anubis guards
  A shambling mangrove (Swamp:3)
  2 spriggan druids
  A harpy (Vaults:5)
  An anubis guard (shapeshifter) (Vaults:4)
  4 wizards
  19 phantasmal warriors
  2 orange crystal statues (Depths:2)
  30 orc knights
  2 shadow dragon zombies
  26 mana vipers
  9 hill giants
  6 shining eyes
  An orb spider (Zig:6)
  An iron dragon zombie (Crypt:3)
  36 large abominations
  A sphinx zombie (Zig:7)
  3 stone giant zombies
  11 necromancers
  79 deep elf magi
  4 cyclopes
  2 fire giant zombies
  A sphinx skeleton (Crypt:2)
  8 orc sorcerers
  4 wolf spiders
  8 griffons
  107 slime creatures
  A frost giant zombie (Zig:9)
  73 ugly things
  2 manticores
  4 hornets
  2 salamanders (shapeshifter)
  15 salamanders
  11 moths of wrath
  A frost giant skeleton (Depths:3)
  8 sixfirhies
  17 elephants
  2 rust devils (Pan)
  25 naga magi
  6 worldbinders
  2 octopodes (shapeshifter)
  2 fire giant skeletons
  A centaur zombie (D:14)
  A black mamba (shapeshifter) (Elf:2)
  45 black mambas
  19 vault sentinels
  2 ice statues (IceCv)
  22 smoke demons
  8 guardian serpents
  2 torpor snails
  A water nymph (shapeshifter) (D:15)
  4 orange demons (Pan)
  27 spiny frogs
  3 kobold demonologists
  A dire elephant skeleton (Crypt:1)
  6 tormentors
  2 hellions
  65 yaktaurs
  3 rime drakes
  An anaconda simulacrum (Depths:2)
  2 rime drakes (shapeshifter)
  2 efreet
  A yaktaur zombie (Vaults:3)
  2 storm dragon simulacra
  15 demonic crawlers
  52 guardian mummies
  An alligator snapping turtle skeleton (Crypt:1)
  A komodo dragon (shapeshifter) (Depths:3)
  13 komodo dragons
  7 freezing wraiths
  2 hydra zombies
  A spriggan skeleton (Depths:2)
  4 hellwings
  3 queen bees (shapeshifter)
  9 ancient zymes
  3 spectral merfolk (Depths:2)
  6 red devils
  A grey draconian skeleton (Crypt:2)
  A redback zombie (D:15)
  18 ice devils
  A troll (shapeshifter) (Vaults:4)
  A tengu conjurer (Depths:1)
  14 two-headed ogres
  3 jumping spiders
  A red draconian skeleton (Crypt:1)
  8 trolls
  9 giant leeches
  A polar bear (Lair:6)
  A minotaur zombie (Crypt:3)
  A hornet zombie (D:15)
  Grinder (D:4)
  5 boulder beetles
  15 blink frogs
  A wind drake (shapeshifter) (Depths:2)
  12 raiju
  3 fire dragon zombies
  3 ice dragon zombies
  11 bog bodies
  18 ushabtiu
  2 frost giant simulacra
  A stone giant simulacrum (Vaults:1)
  Sigmund (D:4)
  A black mamba zombie (Tomb:1)
  13 redbacks
  17 water elementals
  24 flying skulls
  2 tarantellas
  16 wraiths
  15 ynoxinuls
  A satyr skeleton (Crypt:1)
  An ice dragon skeleton (Tomb:3)
  74 yaks
  10 air elementals
  20 vampires
  3 wyverns
  14 shadows
  A fire dragon skeleton (Crypt:3)
  A tarantella (shapeshifter) (Vaults:3)
  3 hogs (Lair:5)
  A human (shapeshifter) (Vaults:5)
  3 fire bats (Depths:4)
  5 golden eyes
  A fire bat (shapeshifter) (Depths:3)
  A yak (shapeshifter) (Vaults:2)
  7 neqoxecs
  10 chaos spawn
  8 hippogriffs
  3 human simulacra
  2 hungry ghosts (D:14)
  A fire elemental (Elf:2)
  25 vampire mosquitoes
  6 basilisks
  An emperor scorpion simulacrum (Crypt:1)
  A wind drake skeleton (Crypt:1)
  Edmund (D:4)
  A mottled dragon (shapeshifter) (D:15)
  3 spatial vortices (Abyss:5)
  24 swamp worms
  3 swamp worms (shapeshifter)
  18 wargs
  26 wolves
  51 nagas
  22 water moccasins
  5 hell hounds
  7 insubstantial wisps
  10 soldier ants
  3 spectral spriggans (Depths:2)
  30 porcupines
  2 spectral trolls (Depths:2)
  15 swamp drakes
  3 black bears
  63 orc warriors
  2 sky beasts
  An elephant zombie (Crypt:1)
  10 eyes of draining
  4 ice beasts
  An orc zombie (Vaults:2)
  8 necrophages
  An ice beast (shapeshifter) (Abyss:5)
  11 wasps
  29 starcursed masses
  A lindwurm zombie (Crypt:3)
  17 boggarts
  35 ogres
  A rime drake zombie (Crypt:3)
  The ghost of Goblin1989 the Chopper, an amateur DsGl (D:3)
  31 centaurs
  27 crocodiles
  28 giant frogs
  A big kobold (shapeshifter) (Depths:1)
  A big kobold (D:11)
  9 small abominations
  5 earth elementals
  A glowing shapeshifter simulacrum (Depths:2)
  A human skeleton (Vaults:2)
  A wyvern zombie (D:15)
  A spiny frog simulacrum (Abyss:5)
  A cyclops zombie (Crypt:2)
  6 scorpions
  9 killer bees
  A troll zombie (Tomb:1)
  A warg skeleton (Crypt:2)
  3 spectral ogres (Depths:2)
  A spectral naga (Depths:2)
  32 wights
  A wolf zombie (Crypt:1)
  5 electric eels (Lair:5)
  8 crimson imps
  A wasp zombie (D:11)
  23 jellies
  3 quasits
  An iron imp (Zig:8)
  25 orc priests
  14 hounds
  31 orc wizards
  2 centaur skeletons
  2 giant frog skeletons
  A gnoll shaman (D:5)
  Ijyb (D:2)
  14 iguanas
  25 worker ants
  3 spriggan simulacra
  A killer bee zombie (D:8)
  23 sheep
  A sky beast zombie (Crypt:3)
  A mottled dragon skeleton (Crypt:2)
  3 hound zombies
  2 hound skeletons
  63 mummies
  A hell rat zombie (Crypt:2)
  A howler monkey skeleton (D:9)
  A worker ant zombie (D:7)
  Robin (D:2)
  A hell rat skeleton (Crypt:1)
  16 adders
  24 gnolls
  A howler monkey zombie (Crypt:2)
  A naga simulacrum (Depths:2)
  82 river rats
  A steam dragon skeleton (Crypt:3)
  2 swamp drake zombies (Crypt:3)
  7 shadow imps
  7 white imps (IceCv)
  A giant eyeball (Depths:2)
  5 ufetubi (IceCv)
  7 oozes
  2 adder zombies
  2 adder skeletons
  A halfling zombie (Crypt:2)
  A dart slug (D:2)
  4 giant geckos
  127 orcs
  3 ball pythons
  3 giant cockroaches
  15 goblins
  17 hobgoblins
  12 jackals
  5 quokkas
  A ball python skeleton (Crypt:1)
  9 bats
  2 giant gecko skeletons
  8 giant newts
  A goblin skeleton (Crypt:2)
  A jackal skeleton (Crypt:3)
  A jackal zombie (D:5)
  6 kobolds
  A kobold zombie (Crypt:3)
  10 rats
  3 briar patches (Swamp:3)
  3 fire vortices (Vaults:5)
  A plant (Lair:1)
  A starspawn tentacle (Abyss:3)
3870 creatures vanquished.

Vanquished Creatures (collateral kills)
  A hellephant (Zig:10)
  A mummy priest (Zig:9)
  A soul eater (Pan)
  A torpor snail (Zig:10)
  2 spiny frogs (Zig:10)
  A komodo dragon (Zig:10)
  A rime drake (Zig:10)
  An ushabti (Zig:9)
  A ynoxinul (Pan)
  4 water moccasins (Zig:10)
  2 crocodiles (Zig:10)
  2 jellies (Slime:3)
18 creatures vanquished.

Vanquished Creatures (others)
  2 deep elf master archers (Elf:3)
  An Executioner (Zig:8)
  2 eldritch tentacles
  A shadow dragon (Vaults:5)
  A fire giant (Depths:3)
  A ghost moth (Zot:5)
  4 stone giants
  A blizzard demon (IceCv)
  An ettin (Vaults:5)
  3 yaktaur captains
  A deep elf high priest (Vaults:4)
  35 dancing weapons
  A titan zombie (Tomb:2)
  A thrashing horror (Abyss:5)
  A storm dragon zombie (Tomb:2)
  A hell knight (Vaults:4)
  13 death scarabs
  A spatial maelstrom (Abyss:5)
  5 deep elf magi
  An orc sorcerer (Vaults:4)
  20 yaktaurs
  2 spriggans
  An ice dragon skeleton (Tomb:2)
  A fire dragon skeleton (Tomb:2)
  2 flying skulls (Tomb:2)
  A warg (Depths:2)
  A naga (Zig:11)
  A wasp (Depths:1)
  2 boggarts
  7 centaurs
  A snapping turtle skeleton (Tomb:2)
  2 mummies (Tomb:2)
  A gnoll (Depths:4)
  A white imp (IceCv)
  4 ufetubi (IceCv)
  A kobold (D:11)
  2 briar patches (Swamp:1)
  5 bushes
  356 eldritch tentacle segments
  22 fungi
  6 lost souls
  3 lurking horrors (Abyss:5)
  29 plants
  4 spectral weapons
  12 starspawn tentacles
  42 starspawn tentacle segments
606 creatures vanquished.

Grand Total: 4494 creatures vanquished

Notes
Turn   | Place    | Note
--------------------------------------------------------------
     0 | D:1      | Goblin1989 the Gargoyle Fighter began the quest for the Orb.
     0 | D:1      | Reached XP level 1. HP: 14/14 MP: 1/1
    77 | D:1      | Reached XP level 2. HP: 14/19 MP: 2/2
   557 | D:1      | Reached XP level 3. HP: 23/23 MP: 3/3
   792 | D:2      | Noticed Ijyb
   805 | D:2      | Killed Ijyb
   828 | D:2      | Reached XP level 4. HP: 28/28 MP: 4/4
  1010 | D:2      | Noticed Robin
  1050 | D:2      | Killed Robin
  1056 | D:2      | Reached skill level 5 in Maces & Flails
  1065 | D:2      | Reached XP level 5. HP: 24/32 MP: 5/5
  1746 | D:3      | Noticed Goblin1989's ghost (amateur DsGl)
  1758 | D:3      | Killed Goblin1989's ghost
  1758 | D:3      | Reached XP level 6. HP: 33/37 MP: 6/6
  1960 | D:3      | Found a faded altar to an unknown god.
  2325 | D:4      | Noticed Grinder
  2408 | D:4      | Found a staircase to the Ecumenical Temple.
  2416 | Temple   | Entered the Ecumenical Temple
  2423 | Temple   | Became a worshipper of Gozag Ym Sagoz the Greedy
  2450 | D:5      | Entered Level 5 of the Dungeon
  2491 | D:5      | Noticed a sky beast
  2526 | D:5      | Killed a sky beast
  2670 | D:5      | Reached XP level 7. HP: 38/41 MP: 7/7
  3485 | D:6      | Reached XP level 8. HP: 46/46 MP: 8/8
  3878 | D:6      | Reached skill level 1 in Evocations
  3968 | D:6      | Found a burning altar of Makhleb.
  4322 | D:7      | Noticed Prince Ribbit
  4666 | D:7      | Reached skill level 10 in Maces & Flails
  5436 | D:7      | Reached XP level 9. HP: 51/51 MP: 11/11
  5555 | D:7      | Found a deep blue altar of Sif Muna.
  6109 | D:4      | Killed Grinder
  6250 | D:4      | Noticed Sigmund
  6253 | D:4      | Killed Sigmund
  6281 | D:4      | Noticed Edmund
  6294 | D:4      | Killed Edmund
  6446 | D:6      | Got a bone rapier {holy}
  6447 | D:6      | Identified the +8 rapier of the Ten Ghosts {holy, rF+} (You took it off an orc on level 6 of the Dungeon)
  7547 | D:9      | Reached skill level 5 in Evocations
  7582 | D:9      | Reached XP level 10. HP: 46/56 MP: 13/13
  7664 | D:8      | Noticed a hill giant
  7675 | D:8      | HP: 2/56 [yak (6)]
  8017 | D:9      | Reached skill level 4 in Fighting
  8225 | D:9      | Reached skill level 5 in Fighting
  8486 | D:9      | Found a staircase to the Lair.
  9337 | D:9      | Found a stormy altar of Qazlal.
  9429 | Lair:1   | Entered Level 1 of the Lair of Beasts
  9581 | Lair:1   | Reached skill level 6 in Fighting
  9876 | Lair:1   | Noticed a spiny frog
  9886 | Lair:1   | Killed a spiny frog
  9891 | Lair:1   | Noticed a spiny frog
  9898 | Lair:1   | Killed a spiny frog
  9898 | Lair:1   | Reached XP level 11. HP: 54/66 MP: 15/15
 10256 | Lair:1   | Reached skill level 7 in Fighting
 10809 | Lair:2   | Reached skill level 8 in Fighting
 11510 | Lair:2   | Reached skill level 9 in Fighting
 11685 | Lair:2   | Noticed a death yak
 11686 | Lair:2   | Noticed a death yak
 11759 | Lair:2   | Reached skill level 5 in Armour
 11879 | D:10     | Entered Level 10 of the Dungeon
 11885 | D:10     | Found Xiymy's Book Boutique.
 11946 | D:10     | Noticed a seven-headed hydra
 11974 | D:10     | Killed a seven-headed hydra
 11974 | D:10     | Reached skill level 10 in Fighting
 11974 | D:10     | Reached XP level 12. HP: 63/77 MP: 16/16
 12345 | D:10     | Found a shadowy altar of Dithmenos.
 13101 | D:11     | Reached skill level 5 in Shields
 13713 | D:11     | Found a staircase to the Orcish Mines.
 14327 | D:12     | Noticed a six-headed hydra
 14373 | D:12     | Killed a six-headed hydra
 14471 | D:12     | Found Eziodora's Jewellery Shop.
 14477 | D:12     | Bought a +4 ring of slaying for 1092 gold pieces
 14477 | D:12     | Bought a +4 ring of strength for 378 gold pieces
 14800 | D:12     | Noticed Fannar
 14832 | D:12     | Killed Fannar
 15017 | D:12     | Got a bloodstained scale mail
 15028 | D:12     | Identified the cursed +1 scale mail of the Bard {rC++ Str-3 Int+4} (You found it on level 12 of the Dungeon)
 15817 | Lair:3   | Reached XP level 13. HP: 37/83 MP: 17/17
 16199 | Lair:3   | Found a staircase to the Snake Pit.
 16246 | Lair:3   | Reached skill level 10 in Shields
 17533 | Lair:3   | Reached skill level 10 in Armour
 18863 | Lair:4   | Found a staircase to the Swamp.
 20144 | Lair:5   | Noticed Kirke
 20167 | Lair:5   | Killed Kirke
 20167 | Lair:5   | Gained mutation: Your large and strong wings let you fly indefinitely. [Gargoyle growth]
 20167 | Lair:5   | Reached XP level 14. HP: 75/88 MP: 18/18
 21372 | Lair:7   | Found a staircase to the Slime Pits.
 21718 | Lair:7   | Learned a level 4 spell: Passage of Golubria
 22122 | Lair:7   | Noticed Nessos
 22137 | Lair:7   | Killed Nessos
 22287 | Lair:8   | Entered Level 8 of the Lair of Beasts
 22418 | Lair:8   | Reached skill level 11 in Fighting
 22577 | Lair:8   | Reached skill level 15 in Shields
 22891 | Lair:8   | Noticed Maud
 22911 | Lair:8   | Killed Maud
 23213 | Lair:8   | Reached XP level 15. HP: 40/95 MP: 19/19
 24087 | Lair:8   | Reached skill level 12 in Fighting
 24093 | Lair:8   | Reached skill level 1 in Translocations
 25011 | Lair:8   | Got a translucent silver ring
 25014 | Lair:8   | Identified the ring "Kirhues" {*Contam rN+ MP+9 EV+3} (You found it on level 8 of the Lair of Beasts)
 26202 | Orc:1    | Entered Level 1 of the Orcish Mines
 26240 | Orc:1    | Found a roughly hewn altar of Beogh.
 26315 | Orc:1    | Found Ogops's Food Boutique.
 26349 | Orc:1    | Bought a royal jelly for 26 gold pieces
 26349 | Orc:1    | Bought a bread ration for 65 gold pieces
 26349 | Orc:1    | Bought a meat ration for 65 gold pieces
 26349 | Orc:1    | Bought a meat ration for 65 gold pieces
 26349 | Orc:1    | Bought a royal jelly for 26 gold pieces
 26349 | Orc:1    | Bought 3 fruits for 58 gold pieces
 26349 | Orc:1    | Bought a meat ration for 65 gold pieces
 26349 | Orc:1    | Bought a bread ration for 65 gold pieces
 26349 | Orc:1    | Bought a bread ration for 65 gold pieces
 26349 | Orc:1    | Bought a beef jerky for 19 gold pieces
 26349 | Orc:1    | Bought a meat ration for 65 gold pieces
 26687 | Orc:2    | Entered Level 2 of the Orcish Mines
 27538 | Orc:2    | Found a staircase to the Elven Halls.
 28052 | Orc:2    | Reached skill level 15 in Maces & Flails
 28376 | Orc:2    | Found Qehon's Gadget Emporium.
 28376 | Orc:2    | Found Qisuz's Food Emporium.
 28381 | Orc:2    | Found Big Lant's Assorted Antiques.
 28381 | Orc:2    | Found Cuddagav's Antique Armour Boutique.
 28407 | Orc:2    | Bought a wand of digging (4/24) for 192 gold pieces
 28409 | Orc:2    | Bought a jewelled plate armour for 952 gold pieces
 28419 | Orc:2    | Identified the cursed +0 plate armour of Immorality {rElec rPois} (You bought it in a shop on level 2 of the Orcish Mines)
 28428 | Orc:2    | Bought a pair of embroidered gloves for 126 gold pieces
 28428 | Orc:2    | Bought a translucent plate armour for 784 gold pieces
 28439 | Orc:2    | Identified the +5 plate armour of the Kraken {*Corrode rPois Str+9} (You bought it in a shop on level 2 of the Orcish Mines)
 28462 | Orc:2    | Bought a slice of pizza for 15 gold pieces
 28462 | Orc:2    | Bought a meat ration for 50 gold pieces
 28462 | Orc:2    | Bought a bread ration for 50 gold pieces
 28462 | Orc:2    | Bought 2 fruits for 30 gold pieces
 28462 | Orc:2    | Bought a beef jerky for 15 gold pieces
 28462 | Orc:2    | Bought a beef jerky for 15 gold pieces
 28462 | Orc:2    | Bought 3 fruits for 45 gold pieces
 28462 | Orc:2    | Bought a meat ration for 50 gold pieces
 28462 | Orc:2    | Bought a bread ration for 50 gold pieces
 28462 | Orc:2    | Bought a meat ration for 50 gold pieces
 29126 | D:10     | Bought a book of Necromancy for 330 gold pieces
 29130 | D:10     | Learned a level 3 spell: Regeneration
 29132 | D:10     | Learned a level 1 spell: Animate Skeleton
 29918 | D:13     | Reached XP level 16. HP: 102/102 MP: 21/21
 29970 | D:13     | Noticed Frances
 29981 | D:13     | Killed Frances
 29981 | D:13     | Reached skill level 1 in Charms
 29981 | D:13     | Reached skill level 1 in Necromancy
 30890 | D:14     | Noticed Snorg
 30910 | D:14     | Killed Snorg
 31026 | D:14     | Found a glowing golden altar of the Shining One.
 31329 | D:14     | Found a gate to the Vaults.
 31956 | D:15     | Entered Level 15 of the Dungeon
 33143 | D:15     | Found a staircase to the Depths.
 33735 | Snake:1  | Entered Level 1 of the Snake Pit
 34052 | Snake:1  | Found a glowing silver altar of Zin.
 35734 | Snake:2  | Reached XP level 17. HP: 101/108 MP: 23/23
 36158 | Snake:2  | Reached skill level 13 in Fighting
 36791 | Snake:3  | Found Jeustries's Antique Weapon Shoppe.
 36820 | Snake:3  | Reached skill level 5 in Charms
 37491 | Snake:3  | Reached skill level 1 in Dodging
 37613 | Snake:3  | Learned a level 1 spell: Apportation
 38216 | Snake:3  | Found Fejeivih's Magic Scroll Shop.
 38268 | Snake:3  | Bought a scroll of amnesia for 52 gold pieces
 38268 | Snake:3  | Bought 2 scrolls of magic mapping for 105 gold pieces
 38268 | Snake:3  | Bought a scroll of summoning for 142 gold pieces
 38268 | Snake:3  | Bought a scroll of recharging for 142 gold pieces
 38268 | Snake:3  | Bought a scroll of identify for 30 gold pieces
 38268 | Snake:3  | Bought a scroll of enchant weapon for 112 gold pieces
 38268 | Snake:3  | Bought a scroll of fog for 30 gold pieces
 38268 | Snake:3  | Bought a scroll of fear for 52 gold pieces
 38268 | Snake:3  | Bought a scroll of enchant weapon for 112 gold pieces
 38329 | Snake:4  | Entered Level 4 of the Snake Pit
 38544 | Snake:3  | Reached skill level 14 in Fighting
 38583 | Snake:4  | Reached skill level 10 in Evocations
 38739 | Snake:4  | Found a frozen archway.
 38750 | IceCv    | Entered an ice cave
 38750 | IceCv    | Noticed nublet's ghost (journeyman HOEE)
 38757 | IceCv    | Killed nublet's ghost
 39184 | IceCv    | Reached XP level 18. HP: 116/116 MP: 25/25
 40198 | Snake:4  | Reached skill level 5 in Dodging
 40911 | Snake:4  | Reached skill level 5 in Translocations
 41216 | Snake:4  | Reached skill level 15 in Fighting
 42677 | Snake:4  | Reached XP level 19. HP: 83/125 MP: 27/27
 42880 | Snake:4  | Got a serpentine rune of Zot
 43114 | Swamp:1  | Entered Level 1 of the Swamp
 43179 | Swamp:1  | Learned a level 2 spell: Song of Slaying
 44322 | Swamp:1  | Found a basalt altar of Yredelemnul.
 44494 | Swamp:1  | Reached skill level 16 in Fighting
 45102 | Swamp:2  | Reached skill level 15 in Armour
 46787 | Swamp:4  | Entered Level 4 of the Swamp
 46896 | Swamp:4  | Identified a scroll of acquirement
 47089 | Lair:1   | Learned a level 2 spell: Repel Missiles
 47501 | Swamp:4  | Reached skill level 1 in Air Magic
 48012 | Swamp:4  | Noticed the 27-headed Lernaean hydra
 48365 | Lair:1   | Bought a transparent plate armour for 952 gold pieces
 48375 | Lair:1   | Identified the +7 plate armour of Vixan {*Drain +Blink Str+2} (You bought it in a shop on level 1 of the Lair of Beasts)
 48375 | Lair:1   | Bought a pitted cloak for 323 gold pieces
 48385 | Lair:1   | Identified the cursed +0 cloak of Peixiph {Str+5 Int+4} (You bought it in a shop on level 1 of the Lair of Beasts)
 48387 | Lair:1   | Bought a phial of floods for 400 gold pieces
 48387 | Lair:1   | Bought a wand of teleportation (5/9) for 270 gold pieces
 48389 | Lair:1   | Bought a +2 shield of protection for 322 gold pieces
 48399 | Lair:1   | Bought a +1 pair of boots of stealth for 247 gold pieces
 48477 | Lair:1   | Bought a +0 cloak of magic resistance for 172 gold pieces
 48518 | Lair:1   | Bought a crude plate armour for 756 gold pieces
 48528 | Lair:1   | Identified the +4 plate armour of Jocrutam {Str+3 Dex-3 Stlth+} (You bought it in a shop on level 1 of the Lair of Beasts)
 48631 | D:9      | Gained mutation: [You are clumsy. (Dex -2)] [mutagenic glow]
 48776 | Vaults:1 | Entered Level 1 of the Vaults
 48983 | Vaults:1 | Found a flickering gateway to a bazaar.
 48991 | Bazaar   | Entered a bazaar
 48994 | Bazaar   | Found Fenelav's General Store.
 49026 | Bazaar   | Found Okashuul's Magic Scroll Boutique.
 49026 | Bazaar   | Found Souto's Armour Shop.
 49058 | Bazaar   | Found Veurak's Food Shop.
 49082 | Bazaar   | Bought a bread ration for 50 gold pieces
 49082 | Bazaar   | Bought a meat ration for 50 gold pieces
 49082 | Bazaar   | Bought a meat ration for 50 gold pieces
 49082 | Bazaar   | Bought a bread ration for 50 gold pieces
 49082 | Bazaar   | Bought a meat ration for 50 gold pieces
 49082 | Bazaar   | Bought a bread ration for 50 gold pieces
 49082 | Bazaar   | Bought a bread ration for 50 gold pieces
 49082 | Bazaar   | Bought 2 fruits for 30 gold pieces
 49082 | Bazaar   | Bought a meat ration for 50 gold pieces
 49082 | Bazaar   | Bought a beef jerky for 15 gold pieces
 49082 | Bazaar   | Bought a beef jerky for 15 gold pieces
 49082 | Bazaar   | Bought a meat ration for 50 gold pieces
 49100 | Bazaar   | Bought a scroll of acquirement for 468 gold pieces
 49100 | Bazaar   | Bought a scroll of identify for 18 gold pieces
 49100 | Bazaar   | Bought a scroll of recharging for 85 gold pieces
 49100 | Bazaar   | Bought a scroll of fear for 31 gold pieces
 49100 | Bazaar   | Bought a scroll of recharging for 85 gold pieces
 49100 | Bazaar   | Bought a scroll of blinking for 67 gold pieces
 49100 | Bazaar   | Bought a scroll of identify for 18 gold pieces
 49112 | Bazaar   | Bought a scroll of identify for 30 gold pieces
 49112 | Bazaar   | Bought a slice of pizza for 22 gold pieces
 49112 | Bazaar   | Bought a scroll of enchant weapon for 112 gold pieces
 49112 | Bazaar   | Bought a meat ration for 75 gold pieces
 49112 | Bazaar   | Bought 4 fruits for 90 gold pieces
 49112 | Bazaar   | Bought a potion of might for 60 gold pieces
 49124 | Bazaar   | Bought the +2 helmet "Vueluy" {MR- Regen+ Str+7 Int-5} for 258 gold pieces
 49448 | Lair:1   | Got a spiked chain mail
 49449 | Lair:1   | Identified the +7 chain mail of the Last Wars {rN++ Dex+2} (You acquired it on level 1 of the Lair of Beasts)
 49922 | Vaults:1 | Reached XP level 20. HP: 108/131 MP: 29/29
 51311 | Vaults:1 | Upgraded the game from 0.18-a0-1507-g69458e0 to 0.18-a0-1514-g6ed9364
 51508 | D:12     | Bought the ring "Demuihaw" {rPois MR+++ Int+4 Dex+2} for 750 gold pieces
 52314 | Vaults:2 | Reached skill level 5 in Air Magic
 52983 | Vaults:2 | Noticed Aizul
 52990 | Vaults:2 | Killed Aizul
 52990 | Vaults:2 | Reached skill level 1 in Spellcasting
 53541 | Vaults:2 | Noticed Jorgrun
 53553 | Vaults:2 | Killed Jorgrun
 53553 | Vaults:2 | Reached XP level 21. HP: 129/136 MP: 29/31
 54415 | Vaults:3 | Found a staircase to the Crypt.
 54415 | Vaults:3 | Found an ancient bone altar of Kikubaaqudgha.
 54416 | Vaults:3 | Found a basalt altar of Yredelemnul.
 54656 | Vaults:3 | Got a twisted scale mail
 54841 | Vaults:3 | Got a bound lead ring
 54844 | Vaults:3 | Identified the ring "Dikogaaj" {Fire Int-4 Dex+2 Slay+2} (You acquired it on level 3 of the Vaults)
 55893 | Vaults:4 | Paralysed by an orc sorcerer for 4 turns
 56758 | Vaults:4 | Paralysed by a great orb of eyes for 3 turns
 56780 | Vaults:4 | Reached skill level 5 in Spellcasting
 57803 | Depths:1 | Entered Level 1 of the Depths
 58075 | Depths:1 | Reached XP level 22. HP: 120/142 MP: 33/33
 58162 | Depths:1 | Got a pair of polished gloves
 58173 | Depths:1 | Identified the +1 pair of gloves of Eternal Night {+Fly rPois rN+} (You found it on level 1 of the Depths)
 58555 | Depths:1 | Found a gateway to Hell.
 58575 | Depths:1 | Reached skill level 15 in Evocations
 58758 | Depths:1 | Found a one-way gate to the infinite horrors of the Abyss.
 58758 | Depths:1 | Noticed Louise
 58783 | Depths:1 | Killed Louise
 58939 | Depths:1 | Found a runed door.
 58940 | Depths:1 | Found a runed door.
 58953 | Depths:1 | Found a runed warning-scrawled door.
 60162 | Depths:2 | Got a crude scale mail
 60438 | Depths:2 | Reached XP level 23. HP: 42/148 MP: 34/34
 60724 | Depths:2 | Learned a level 5 spell: Aura of Abjuration
 60725 | Depths:2 | Identified the +1 scale mail of Kleptomania {SInv} (You found it on level 2 of the Depths)
 61078 | Depths:2 | Noticed an ancient lich
 61460 | Depths:2 | Killed an ancient lich
 61472 | Depths:2 | Paralysed by a giant eyeball for 2 turns
 61479 | Depths:2 | Paralysed by a giant eyeball for 3 turns
 61523 | Depths:2 | Paralysed by a giant eyeball for 3 turns
 61907 | Depths:2 | Found a gateway to a ziggurat.
 62282 | Depths:3 | Reached XP level 24. HP: 111/154 MP: 35/35
 62374 | Depths:3 | Reached skill level 1 in Summonings
 62575 | Depths:3 | Reached skill level 17 in Fighting
 63165 | Depths:3 | Found a one-way gate leading to the halls of Pandemonium.
 64198 | Lair:1   | Bought a fan of gales for 880 gold pieces
 64466 | Elf:1    | Entered Level 1 of the Elven Halls
 66149 | Elf:2    | Reached skill level 18 in Fighting
 66344 | Elf:2    | Found a runed gate.
 66346 | Elf:2    | Found a runed gate.
 66347 | Elf:2    | Found a runed gate.
 66430 | Elf:2    | Found a radiant altar of Vehumet.
 66825 | Elf:2    | Reached skill level 5 in Summonings
 67027 | Elf:3    | Entered Level 3 of the Elven Halls
 67403 | Elf:3    | Reached XP level 25. HP: 164/164 MP: 35/35
 67623 | Elf:3    | Found Qeddaefoa's Antique Armour Emporium.
 67626 | Elf:3    | Bought a pair of runed boots for 130 gold pieces
 68209 | Elf:3    | Reached skill level 19 in Fighting
 68523 | Elf:3    | Learned a level 2 spell: Blink
 68547 | Elf:3    | Got a crude bone amulet
 68954 | Lair:1   | Identified the amulet of Quphia {Harm *Drain rF+ Str+4 Dex+2} (You took it off a deep elf mage on level 3 of the Elven Halls)
 69380 | Elf:3    | Identified the Incunabulum of the Boosting Mountains
 69396 | Elf:3    | Learned a level 6 spell: Haste
 69399 | Elf:3    | Learned a level 2 spell: Passwall
 69402 | Elf:3    | Identified the Tome of the Oath and Unholy Secrets (You found it on level 3 of the Elven Halls)
 69433 | Elf:3    | Got a distressingly furry plate armour
 69434 | Elf:3    | Identified the +1 plate armour of Ulas Suing {Regen+} (You found it on level 3 of the Elven Halls)
 71242 | Depths:4 | Identified Yfadwew's Incunabulum of Venomous Conjuration (You found it on level 4 of the Depths)
 71858 | Depths:3 | Reached XP level 26. HP: 164/172 MP: 36/36
 72168 | Depths:5 | Entered Level 5 of the Depths
 72246 | Depths:5 | Noticed a juggernaut
 72258 | Depths:5 | Killed a juggernaut
 74133 | Depths:5 | Reached skill level 10 in Dodging
 74362 | Depths:5 | Found a runed door.
 74362 | Depths:5 | Found a runed door.
 74362 | Depths:5 | Found a runed door.
 74400 | Depths:5 | Found a runed door.
 74404 | Depths:5 | Found a runed door.
 74404 | Depths:5 | Found a runed door.
 74956 | Depths:5 | Found a gate to the Realm of Zot.
 75754 | Crypt:1  | Entered Level 1 of the Crypt
 76288 | Crypt:1  | Reached skill level 1 in Earth Magic
 76437 | Crypt:1  | Reached skill level 1 in Transmutations
 76574 | Crypt:1  | Found a deep blue altar of Sif Muna.
 76689 | Crypt:1  | Identified a +2 rod of shadows (9/9) (You found it on level 1 of the Crypt)
 76701 | Crypt:1  | Identified a -1 rod of shadows (11/11) (You found it on level 1 of the Crypt)
 76920 | Vaults:1 | Reached XP level 27. HP: 176/176 MP: 36/36
 78452 | Crypt:3  | Entered Level 3 of the Crypt
 78510 | Crypt:3  | Found a staircase to the Tomb.
 79024 | Crypt:3  | Noticed Jory
 79037 | Crypt:3  | Killed Jory
 79450 | Crypt:3  | Identified Xymih's Collected Works on Stolen Souls
 79474 | Crypt:3  | Noticed Frederick
 79486 | Crypt:3  | Killed Frederick
 80487 | Crypt:3  | Got a steaming brass ring
 80489 | Crypt:3  | Identified the ring of Satyriasis {+Inv Str+2 SInv Stlth+} (You took it off a skeletal warrior on level 3 of the Crypt)
 80937 | Tomb:1   | Entered Level 1 of the Tomb of the Ancients
 81865 | Vaults:3 | Gained mutation: [You are frail (-10% HP).] [a neqoxec]
 82103 | Tomb:1   | Gained mutation: You are partially covered in slimy green scales (AC +2). [potion of beneficial mutation]
 82104 | Tomb:1   | Lost mutation: [You are clumsy. (Dex -2)] [potion of cure mutation]
 82104 | Tomb:1   | Lost mutation: [You are frail (-10% HP).] [potion of cure mutation]
 82104 | Tomb:1   | Lost mutation: You are partially covered in slimy green scales (AC +2). [potion of cure mutation]
 82181 | Tomb:1   | Noticed an ancient lich
 82192 | Tomb:1   | Killed an ancient lich
 82498 | Tomb:1   | Noticed a greater mummy
 82512 | Tomb:1   | Killed a greater mummy
 82700 | Tomb:1   | Noticed a greater mummy
 82701 | Tomb:1   | Noticed a greater mummy
 82702 | Tomb:1   | Noticed a greater mummy
 82702 | Tomb:1   | Noticed a greater mummy
 82703 | Tomb:1   | Noticed a greater mummy
 82968 | Tomb:2   | Noticed a greater mummy
 82981 | Tomb:2   | Noticed a greater mummy
 82981 | Tomb:2   | Noticed a greater mummy
 82982 | Tomb:2   | Noticed a greater mummy
 83557 | Lair:1   | Learned a level 3 spell: Spectral Weapon
 84152 | Tomb:1   | Killed a greater mummy
 84269 | Tomb:1   | Killed a greater mummy
 84412 | Tomb:1   | Killed a greater mummy
 84412 | Tomb:1   | Reached skill level 10 in Spellcasting
 84540 | Tomb:1   | Killed a greater mummy
 84683 | Tomb:2   | Reached skill level 10 in Summonings
 85022 | Tomb:1   | Noticed a greater mummy
 85023 | Tomb:1   | Noticed a greater mummy
 85085 | Tomb:1   | Noticed a greater mummy
 85087 | Tomb:1   | Noticed a greater mummy
 85092 | Tomb:2   | Killed a greater mummy
 85169 | Tomb:1   | Noticed a greater mummy
 85170 | Tomb:1   | Noticed a greater mummy
 85176 | Tomb:2   | Killed a greater mummy
 85176 | Tomb:2   | Reached skill level 20 in Fighting
 85219 | Tomb:2   | Killed a greater mummy
 85282 | Tomb:2   | Killed a greater mummy
 85289 | Tomb:1   | Noticed a greater mummy
 85401 | Tomb:1   | Noticed a greater mummy
 85406 | Tomb:1   | Killed a greater mummy
 85537 | Tomb:2   | Killed a greater mummy
 85729 | Tomb:1   | Killed a greater mummy
 85779 | Tomb:2   | Killed a greater mummy
 85827 | Tomb:1   | Noticed a greater mummy
 85873 | Tomb:1   | Killed a greater mummy
 85971 | Tomb:1   | Noticed a greater mummy
 86287 | Tomb:2   | Killed a greater mummy
 86364 | Tomb:2   | Killed a greater mummy
 86393 | Tomb:1   | Killed a greater mummy
 86394 | Tomb:1   | Noticed a greater mummy
 86422 | Tomb:1   | Killed a greater mummy
 86604 | Tomb:1   | Noticed a greater mummy
 86629 | Tomb:1   | Killed a greater mummy
 86686 | Tomb:1   | Noticed a greater mummy
 86728 | Tomb:1   | Killed a greater mummy
 86751 | Tomb:1   | Noticed a greater mummy
 86762 | Tomb:1   | Killed a greater mummy
 86833 | Tomb:1   | Noticed a greater mummy
 86852 | Tomb:1   | Killed a greater mummy
 86980 | Tomb:1   | Killed a greater mummy
 86986 | Tomb:1   | Killed a greater mummy
 87089 | Tomb:1   | Killed a greater mummy
 87329 | Tomb:3   | Entered Level 3 of the Tomb of the Ancients
 87344 | Tomb:3   | Noticed a greater mummy
 87462 | Tomb:3   | Noticed a greater mummy
 87593 | Tomb:2   | Killed a greater mummy
 87718 | Tomb:3   | Noticed a greater mummy
 87728 | Tomb:2   | Killed a greater mummy
 88183 | Tomb:2   | Killed a greater mummy
 88439 | Tomb:3   | Noticed a greater mummy
 88448 | Tomb:3   | Killed a greater mummy
 90575 | Tomb:3   | Noticed a greater mummy
 90576 | Tomb:3   | Noticed a greater mummy
 90785 | Tomb:2   | Killed a greater mummy
 90911 | Tomb:3   | Noticed a greater mummy
 91093 | Tomb:2   | Killed a greater mummy
 91131 | Tomb:2   | Killed a greater mummy
 91257 | Tomb:3   | Identified Dadeatt's Collected Works on Creation and the Rocks
 91279 | Tomb:3   | Identified the Grimoire of Attacks and Ignition
 91296 | Tomb:3   | Identified the Compendium of the Entourage
 91300 | Tomb:3   | Got a ring of the Octopus King
 91307 | Tomb:3   | Identified a ring of the Octopus King {Wiz AC+1 EV+1 Str+1 Int+1 Dex+1} (You found it on level 3 of the Tomb of the Ancients)
 91317 | Tomb:3   | Got an ichor-stained chain mail
 91318 | Tomb:3   | Identified the +3 chain mail "Oloink" {rF+ Dex+4} (You found it on level 3 of the Tomb of the Ancients)
 91319 | Tomb:3   | Identified a +8 rod of clouds (9/9) (You found it on level 3 of the Tomb of the Ancients)
 91353 | Tomb:3   | Noticed a greater mummy
 91353 | Tomb:3   | Noticed a greater mummy
 91506 | Tomb:2   | Killed a greater mummy
 91506 | Tomb:2   | Reached skill level 10 in Charms
 91692 | Tomb:3   | Killed a greater mummy
 91860 | Tomb:3   | Got a golden rune of Zot
 93199 | Vaults:5 | Entered Level 5 of the Vaults
 93497 | Vaults:4 | Reached skill level 21 in Fighting
 93911 | Vaults:4 | Got a steaming tin amulet
 94421 | Vaults:5 | Got a silver rune of Zot
 94593 | Vaults:5 | Gained mutation: You are agile. (Dex +2) [potion of beneficial mutation]
 94600 | Vaults:5 | Identified the Reference Book on Creative Bewitchment
 94637 | Vaults:5 | Identified the Disquisition on Talismans and Companions
 94737 | Vaults:5 | Got a scintillating silver ring
 94801 | Vaults:5 | Got a slimy plate armour
 94802 | Vaults:5 | Identified the +4 plate armour "Lamenwuc" {*Confuse rElec Int+4} (You found it on level 5 of the Vaults)
 94803 | Vaults:5 | Identified the amulet "Cefix" {RegenMP rF+} (You took it off an ironbrand convoker on level 4 of the Vaults)
 94807 | Vaults:5 | Identified the ring of Lies {rPois Dex+2 Stlth-} (You took it off a vault warden on level 5 of the Vaults)
 94854 | Vaults:5 | Got a pitted silver ring
 95295 | Vaults:5 | Identified the ring "Nokher" {rPois EV+2} (You took it off a tengu reaver on level 5 of the Vaults)
 95960 | Slime:1  | Entered Level 1 of the Pits of Slime
 96025 | Slime:1  | Gained mutation: [You expend magic power (3 MP) to strengthen your wands.] [a shining eye]
 96109 | Slime:3  | Noticed Uhlv's ghost (legendary HOFi)
 96272 | Slime:3  | Gained mutation: [You are frail (-10% HP).] [a shining eye]
 96277 | Slime:3  | Gained mutation: [Your body sometimes deteriorates upon taking damage.] [a shining eye]
 96286 | Slime:3  | Killed Uhlv's ghost
 96306 | Slime:3  | Gained mutation: [Your body often deteriorates upon taking damage.] [a shining eye]
 96312 | Slime:3  | Gained mutation: [You are very frail (-20% HP).] [a shining eye]
 96314 | Slime:3  | Gained mutation: [You tend to lose your temper in combat.] [a shining eye]
 96538 | Slime:5  | Gained mutation: You have large cloven feet. [a shining eye]
 96541 | Slime:5  | Gained mutation: You are dopey. (Int -2) [a shining eye]
 96550 | Slime:6  | Entered Level 6 of the Pits of Slime
 96551 | Slime:6  | Lost mutation: [Your body often deteriorates upon taking damage.] [potion of cure mutation]
 96551 | Slime:6  | Lost mutation: You are agile. (Dex +2) [potion of cure mutation]
 96551 | Slime:6  | Lost mutation: You have large cloven feet. [potion of cure mutation]
 96551 | Slime:6  | Lost mutation: [Your body sometimes deteriorates upon taking damage.] [potion of cure mutation]
 96553 | Slime:6  | Lost mutation: [You expend magic power (3 MP) to strengthen your wands.] [potion of cure mutation]
 96553 | Slime:6  | Lost mutation: [You are very frail (-20% HP).] [potion of cure mutation]
 96553 | Slime:6  | Lost mutation: [You tend to lose your temper in combat.] [potion of cure mutation]
 96553 | Slime:6  | Lost mutation: You are dopey. (Int -2) [potion of cure mutation]
 96553 | Slime:6  | Gained mutation: [Scrolls take you a little longer to read.] [a shining eye]
 96736 | Slime:6  | Found a viscous altar of Jiyva.
 96749 | Slime:6  | Noticed the Royal Jelly
 96756 | Slime:6  | Killed the Royal Jelly
 97120 | Slime:6  | Got an ichor-stained gold dragon armour
 97123 | Slime:6  | Identified the cursed +0 gold dragon armour of the Harvest {rPois rF+ rC+ Dex+3} (You found it on level 6 of the Pits of Slime)
 97169 | Slime:6  | Got a slimy rune of Zot
 97427 | Lair:1   | Bought an encrusted gold dragon armour for 3740 gold pieces
 97429 | Lair:1   | Identified the cursed +1 gold dragon armour "Rityagujof" {rPois rF+ rC+ rN+ Int+2} (You bought it in a shop on level 1 of the Lair of Beasts)
 97820 | Zot:1    | Entered Level 1 of the Realm of Zot
 98148 | Zot:1    | Got a warped plate armour
 98151 | Zot:1    | Identified the +1 plate armour "Bowkoleg" {rCorr Str-4 Int+8 Dex+3} (You found it on level 1 of the Realm of Zot)
 98715 | Zot:1    | Upgraded the game from 0.18-a0-1514-g6ed9364 to 0.18-a0-1521-g59d19af
 98992 | Zot:2    | Reached skill level 22 in Fighting
 99656 | Zot:2    | Learned a level 3 spell: Teleport Other
102572 | Zot:5    | Entered Level 5 of the Realm of Zot
102714 | Depths:5 | Voluntarily entered the Abyss.
102718 | Abyss:1  | Found a corrupted altar of Lugonu.
102770 | Abyss:2  | Found a corrupted altar of Lugonu.
102885 | Abyss:2  | Found a corrupted altar of Lugonu.
103050 | Abyss:5  | Entered Level 5 of the Abyss
103113 | Abyss:5  | Reached skill level 23 in Fighting
103128 | Abyss:5  | Got an abyssal rune of Zot
103236 | Abyss:5  | Gained mutation: Armour fits poorly on your strangely shaped body. [a neqoxec]
103523 | Abyss:5  | Gained mutation: Your spells are a little harder to cast, but a little more powerful. [a neqoxec]
103527 | Abyss:5  | Gained mutation: [Your magical capacity is low (-10% MP).] [a neqoxec]
103699 | Depths:5 | Escaped the Abyss
104062 | Lair:1   | Lost mutation: Your spells are a little harder to cast, but a little more powerful. [potion of cure mutation]
104062 | Lair:1   | Lost mutation: [Your magical capacity is low (-10% MP).] [potion of cure mutation]
104062 | Lair:1   | Lost mutation: [Scrolls take you a little longer to read.] [potion of cure mutation]
104780 | Zig:1    | Entered Level 1 of a ziggurat
104803 | Zig:2    | Entered Level 2 of a ziggurat
104830 | Zig:2    | Reached skill level 24 in Fighting
104832 | Zig:3    | Entered Level 3 of a ziggurat
104862 | Zig:4    | Entered Level 4 of a ziggurat
104902 | Zig:4    | Got a transparent amber ring
105018 | Zig:4    | Identified the ring "Ukhlouxzi" {rF+ rN+ Dex+4} (You found it on level 4 of a ziggurat)
105025 | Zig:5    | Entered Level 5 of a ziggurat
105086 | Zig:6    | Entered Level 6 of a ziggurat
105164 | Zig:6    | Got a shimmering tin ring
105276 | Zig:7    | Entered Level 7 of a ziggurat
105358 | Zig:7    | Identified Sif Muna's Incunabulum of Attacks and Intoxication
105370 | Zig:8    | Entered Level 8 of a ziggurat
105434 | Zig:8    | Noticed Ykhif the pandemonium lord
105458 | Zig:8    | Killed Ykhif the pandemonium lord
105499 | Zig:9    | Entered Level 9 of a ziggurat
105779 | Zig:9    | Noticed a greater mummy
105864 | Zig:9    | Killed a greater mummy
105917 | Zig:9    | Identified the Handbook of Calling
105921 | Zig:9    | Identified Tatuf's Compendium of the Birds
105933 | Zig:9    | Identified the ring of the Scarab {rPois rF- rC+ rN++ Str+3} (You found it on level 6 of a ziggurat)
105939 | Zig:9    | Gained mutation: You possess an exceptional clarity of mind. [potion of beneficial mutation]
105966 | Zig:9    | Identified the Compendium of Spatial Boosts (You found it on level 9 of a ziggurat)
106039 | Zig:10   | Entered Level 10 of a ziggurat
106219 | Zig:11   | Entered Level 11 of a ziggurat
106291 | Zig:11   | Reached skill level 25 in Fighting
106444 | Zig:11   | Learned a level 8 spell: Death's Door
106445 | Zig:12   | Entered Level 12 of a ziggurat
107065 | Swamp:4  | Killed the 27-headed Lernaean hydra
107152 | Swamp:4  | Got a decaying rune of Zot
107672 | Pan      | Entered Pandemonium
107887 | Pan      | Reached skill level 5 in Necromancy
108066 | Pan      | Found an exit through the horrors of the Abyss.
108594 | Pan      | Noticed Abeashuta the pandemonium lord
108799 | Pan      | Found an exit through the horrors of the Abyss.
108867 | Pan      | Got a warped scale mail
108868 | Pan      | Identified the +2 scale mail of Weirdness {MR+ MP-9 Str+2 Slay+6} (You took it off a red devil in Pandemonium)
108916 | Pan      | Noticed Wydor the pandemonium lord
108933 | Pan      | Killed Wydor the pandemonium lord
109420 | Pan      | Found an exit through the horrors of the Abyss.
110100 | Pan      | Noticed Efaciro the pandemonium lord
110404 | Pan      | Killed Efaciro the pandemonium lord
110482 | Depths:3 | Escaped Pandemonium
110988 | Lair:1   | Bought the +0 mask of the Dragon {MR+ Slay+3 SInv} for 467 gold pieces
112210 | Zot:5    | Noticed an ancient lich
112223 | Zot:5    | Killed an ancient lich
112271 | Zot:5    | Noticed an ancient lich
112293 | Zot:5    | Killed an ancient lich
112306 | Zot:5    | Noticed an ancient lich
112314 | Zot:5    | Killed an ancient lich
112449 | Zot:5    | Noticed an ancient lich
112497 | Zot:5    | Killed an ancient lich
113196 | Zig:1    | Entered Level 1 of a ziggurat
113215 | Zig:2    | Entered Level 2 of a ziggurat
113249 | Zig:3    | Entered Level 3 of a ziggurat
113291 | Zig:4    | Entered Level 4 of a ziggurat
113343 | Zig:5    | Entered Level 5 of a ziggurat
113451 | Zig:6    | Entered Level 6 of a ziggurat
113455 | Zig:6    | Noticed a juggernaut
113482 | Zig:6    | Killed a juggernaut
113510 | Zig:6    | Gained mutation: Your mind is acute. (Int +2) [potion of beneficial mutation]
113606 | Zig:6    | Identified a +9 rod of inaccuracy (10/10) (You found it on level 5 of a ziggurat)
113610 | Zig:7    | Entered Level 7 of a ziggurat
113816 | Zig:8    | Entered Level 8 of a ziggurat
113877 | Zig:8    | Got a serpentine turquoise ring
113886 | Zig:8    | Identified the ring of Taopnog {+Inv rF++ rN+ MP+9 Int-5} (You found it on level 8 of a ziggurat)
114004 | Zig:9    | Entered Level 9 of a ziggurat
114033 | Zig:9    | Paralysed by accursed screaming for 2 turns
114060 | Zig:9    | Paralysed by accursed screaming for 2 turns
114067 | Zig:9    | Paralysed by accursed screaming for 2 turns
114068 | Zig:9    | Killed from afar by a smoke demon

Vault maps used:
D:1:      matt_arrival_los_fun
D:2:      uniq_robin, uniq_iyjb
D:3:      kennysheep_big_flooded_room, ecumenical_altar_2
D:4:      minmay_temple_entry_trees, hex_tiny, uniq_grinder, uniq_edmund,
          uniq_sigmund
D:5:      first_bread
D:6:      makhleb_heckhound_becter
D:7:      lemuel_blue_sif_altar, uniq_prince_ribbit1
D:9:      minmay_lair_entry_grove, hangedman_little_slice_of_home,
          nicolae_qazlal_general_emergency
D:10:     serial_shops, shop, grunt_dithmenos_smoke_and_mirrors
D:11:     cheibrodos_orc_bank, erik_orc_1
D:12:     serial_shops, nicolae_shop_trees, serial_bayou_lake_a, uniq_fannar
D:13:     spider_trap, uniq_frances
D:14:     lightli_vaults_fourway_checkpoint, basic_altar,
          minmay_misc_feat_four_crosses, uniq_snorg
D:15:     gammafunk_enter_depths_forms, serial_park_square1
Temple:   nicolae_temple_no_exploring_needed
Lair:1:   cheibrodos_lair_caveside_slide
Lair:2:   grunt_megastairs_3
Lair:3:   guppyfry_snake_entry_island, grunt_megastairs_4
Lair:4:   minmay_swamp_entry_worms, grunt_megastairs_1, lemuel_fruit_tree
Lair:5:   serial_bayou, serial_bayou_shore_b, serial_bayou_lagoon_a,
          serial_bayou_lagoon_b, serial_bayou_ford_a, serial_bayou_pond_d,
          serial_bayou_pond_a, uniq_kirke
Lair:7:   slime_dummy, grunt_megastairs_5, uniq_nessos
Lair:8:   grunt_lair_end_beastmaster, minmay_another_anthill, uniq_maud
Swamp:1:  hangedman_swamp_pad, swamp_pool4, grunt_ruined_hall
Swamp:2:  nicolae_swamp_fairy_circle, hangedman_swamp_diagram
Swamp:3:  evilmike_swamp_ruin_rubble_2, swamp_pool2
Swamp:4:  swamp_old_school, swamp_pool1
Snake:1:  basic_altar
Snake:3:  serial_shops, nicolae_shop_competitors_out_of_business,
          nicolae_shop_stone
Snake:4:  snake_pit_salamanders_mu, portal_ice_cave_demonic_guard
Slime:2:  cheibrodos_slime_lost_civilization_5
Orc:1:    basic_altar, serial_shops, nicolae_shop_stone
Orc:2:    st_orc_elflike
Elf:1:    minivault_28, spider_trap
Elf:2:    basic_altar, minivault_27
Elf:3:    elf_hall, serial_shops, shop, hangedman_elven_crosses_minicolossus
Vaults:1: v_misc_3, grunt_vaults_funnel, hangedman_vaults_capsules, v_misc_1,
          vaults_room_hallway, v_misc_19, vaults_room_semicircle, v_misc_11,
          dpeg_vaults_monster_box, serial_shops, bzr_entry_safe
Vaults:2: grunt_vaults_trifunnel, v_pattern_5, hangedman_vaults_nails,
          v_misc_30, v_alt_pattern_6, v_alt_pattern_6, special_room_vaults,
          vaults_dpeg_encased_lava, uniq_aizul, uniq_jorgrun
Vaults:3: dpeg_vaults_monster_row, minmay_crypt_entry_necro_gods, v_rooms_6,
          nicolae_vaults_murderbox, nicolae_vaults_alarming, v_alt_pattern_2,
          v_misc_23, ontoclasm_vaults_pinch, nicolae_vaults_gold_heap,
          ontoclasm_vaults_decontamination, nicolae_vaults_yaktaur_gun_rack
Vaults:4: vaults_dpeg_diagonal, grunt_vaults_focal, v_misc_12,
          hangedman_vaults_stitches, v_rooms_6, nicolae_vaults_what_the_h,
          ontoclasm_vaults_hangar, v_misc_27, grunt_vaults_hallway_long,
          hangedman_vaults_maws
Vaults:5: serial_shops
Crypt:1:  grunt_ministairs_5, st_stairs_4, minivault_24,
          hangedman_summoners_spam
Crypt:3:  due_elkab, uniq_frederick
Depths:1: nicolae_abyss_entry_one_way_or_another, hell_entry, mikee_hates_you
Depths:2: lemuel_river_lethe, hell_entry
Depths:3: kennysheep_windowed_halls, pf_coc_iceberg, hangedman_decor_slide_cut,
          rand_demon_pan_entry_9, item_on_display_a, serial_bayou_shore_a
Depths:4: fort_yaktaur, hellmouth_1, abyss_entry_crystal,
          minmay_staircase_bubble
Depths:5: evilmike_zot_entry_castle, pf_hell_entry_tar_spiral,
          dk_noncrumbling_4, hangedman_abyss_entry_splay, st_stairs_8
Abyss:3:  evilmike_abyss_rune_tso_outpost
Abyss:4:  evilmike_abyss_rune_curve
Abyss:5:  grunt_abyss_rune_sword_and_sorcery, guppyfry_abyss_exit_glass_guarded
Pan:      evilmike_mini_pan_pillars, pan_blood_fountain_small,
          lemuel_hall_of_pain, nicolae_pan_gloorx_vloqian_1, rand_demon_1,
          pan_blood_fountain, rand_demon_2, evilmike_mini_pan_doors_b,
          pan_disco_hall
Zig:6:    ziggurat_pillar_centre_c
Zig:10:   ziggurat_pillar_centre_drop
Bazaar:   bazaar_jpeg_honeycomb
IceCv:    ice_cave_small_demon

Skill      XL: |  1  2  3  4  5  6  7  8  9 10 11 12 13 14 15 16 17 18 19 20 21 22 23 24 25 26 27 |
---------------+----------------------------------------------------------------------------------+-----
Maces & Flails | 3 4 5 6 7 9 10 12 13 14 15 16 | 16.3
Evocations     | 3 5 6 7 9 10 11 12 13 14 15 16 17 18 19 24 | 24.9
Fighting       | 6 10 11 12 14 15 16 18 19 25 | 25.6
Armour         | 5 8 11 12 13 14 15 17 18 19 20 24 | 24.8
Shields        | 9 13 15 16 23 | 23.7
Translocations | 2 4 5 6 7 |  7.3
Charms         | 4 5 6 8 14 | 14.9
Necromancy     | 3 4 5 |  5.0
Dodging        | 4 5 8 11 13 | 13.0
Air Magic      | 2 5 |  5.1
Spellcasting   | 2 5 7 8 9 13 | 13.0
Summonings     | 5 7 9 10 | 10.3
Earth Magic    | 2 4 |  4.0
Transmutations | 1 2 |  2.3

Action                   |  1- 3 |  4- 6 |  7- 9 | 10-12 | 13-15 | 16-18 | 19-21 | 22-24 | 25-27 || total
-------------------------+-------+-------+-------+-------+-------+-------+-------+-------+-------++-------
Melee: Flail             |   121 |   339 |   492 |  1097 |  1262 |       |       |       |       ||  3311
       Morningstar       |       |       |       |       |   540 |  1671 |  2032 |  1521 |  4699 || 10463
       Eveningstar       |       |       |       |       |       |       |       |       |  2003 ||  2003
       Staff             |       |       |       |       |       |       |       |       |     6 ||     6
 Cast: Apportation       |       |       |       |       |       |     6 |       |       |   122 ||   128
       Repel Missiles    |       |       |       |       |       |       |     2 |       |     7 ||     9
       Song of Slaying   |       |       |       |       |       |       |     3 |       |    16 ||    19
       Regeneration      |       |       |       |       |       |       |       |     3 |    97 ||   100
       Aura of Abjuratio |       |       |       |       |       |       |       |       |    28 ||    28
       Passwall          |       |       |       |       |       |       |       |       |     8 ||     8
       Spectral Weapon   |       |       |       |       |       |       |       |       |     6 ||     6
       Passage of Golubr |       |       |       |       |       |       |       |       |     5 ||     5
       Teleport Other    |       |       |       |       |       |       |       |       |     4 ||     4
       Haste             |       |       |       |       |       |       |       |       |     2 ||     2
       Blink             |       |       |       |       |       |       |       |       |     1 ||     1
Invok: Call Merchant     |       |       |       |       |       |       |     5 |     4 |     7 ||    16
 Abil: Fly               |       |       |       |       |     1 |       |     1 |       |     1 ||     3
       Evoke Blink       |       |       |       |       |       |       |       |       |     4 ||     4
       Stop Singing      |       |       |       |       |       |       |       |       |     1 ||     1
       Stop Flying       |       |       |       |       |       |       |       |       |     1 ||     1
Evoke: Wand              |       |       |     8 |    24 |    19 |     9 |    15 |    22 |    41 ||   138
       Phial of floods   |       |       |       |       |       |       |       |     1 |     3 ||     4
       Lamp of fire      |       |       |       |       |       |       |       |       |     9 ||     9
       Rod               |       |       |       |       |       |       |       |       |     1 ||     1
       Fan of gales      |       |       |       |       |       |       |       |       |     2 ||     2
       Deck              |       |       |       |       |       |       |       |       |     1 ||     1
       Box of beasts     |       |       |       |       |       |       |       |       |     1 ||     1
       Figurine of a zig |       |       |       |       |       |       |       |       |     1 ||     1
  Use: Potion            |       |     1 |       |     7 |     3 |     5 |       |     2 |    26 ||    44
       Scroll            |       |       |     1 |    22 |     5 |    16 |    15 |     8 |    40 ||   107
 Stab: Distracted        |       |       |     1 |     4 |     7 |     9 |    14 |     9 |    43 ||    87
       Confused          |       |       |       |     4 |     1 |     2 |       |       |       ||     7
       Invisible         |       |       |       |     4 |       |       |       |       |       ||     4
       Petrified         |       |       |       |       |     1 |       |     2 |       |       ||     3
  Eat: Chunk             |       |     5 |       |       |       |       |       |       |       ||     5
       Bread ration      |       |       |     1 |       |     1 |       |       |       |       ||     2
       Beef jerky        |       |       |     4 |     2 |       |       |    12 |     3 |     4 ||    25
       Pizza             |       |       |     3 |     1 |     1 |     2 |     2 |     1 |     2 ||    12
       Meat ration       |       |       |     1 |     5 |     1 |     6 |     3 |     5 |    29 ||    50
       Fruit             |       |       |       |     7 |    14 |     4 |    12 |       |    20 ||    57
       Royal jelly       |       |       |       |       |     8 |     5 |     2 |     1 |     5 ||    21
